 Dungeon Crawl Stone Soup version 0.24-a0-272-g1411513 (webtiles) character file.

Game seed: 5427185512132013899

192 mhoghedin the Archer (level 5, 0/41 HPs)
             Began as a Centaur Hunter on Apr 25, 2019.
             Slain by Duvessa
             ... wielding a +0 short sword
              (2 damage)
             ... on level 4 of the Dungeon.
             The game lasted 00:04:58 (2211 turns).

mhoghedin the Archer (Centaur Hunter)               Turns: 2211, Time: 00:04:59

Health: 0/41       AC:  4    Str: 16    XL:     5   Next: 42%
Magic:  5/5        EV:  9    Int: 10    God:
Gold:   120        SH:  0    Dex:  9    Spells: 4/4 levels left

rFire    . . .     SeeInvis .   a - +1 shortbow
rCold    . . .     Gourm    .   (shield currently unavailable)
rNeg     . . .     Faith    .   c - +0 leather armour
rPois    .         Spirit   .   (no helmet)
rElec    .         Reflect  .   (no cloak)
rCorr    .         Harm     .   (no gloves)
MR       .....                  (no barding)
Stlth    ..........             (no amulet)
HPRegen  0.13/turn              g - ring of attention (curse)
MPRegen  0.09/turn              (no ring)

@: very quick
A: large, hooves 3, deformed body, speed 2, tough skin 3
a: no special abilities


You were on level 4 of the Dungeon.
You were not hungry.

You visited 1 branch of the dungeon, and saw 4 of its levels.

You collected 120 gold pieces.

Inventory:

Hand Weapons
 a - a +1 shortbow (weapon)
 b - a +0 short sword
Missiles
 d - 50 arrows (quivered)
 s - 5 tomahawks of dispersal {=f}
Armour
 c - a +0 leather armour (worn)
Jewellery
 g - a cursed ring of attention (left hand)
   (You found it on level 1 of the Dungeon)
Scrolls
 k - a scroll of immolation {unknown}
 l - a scroll of identify {unknown}
 m - 2 scrolls of enchant weapon {unknown}
 n - a scroll of remove curse {unknown}
 q - a scroll of fear {unknown}
 t - a scroll of blinking {unknown}
 v - a scroll of teleportation {unknown}
 x - a scroll of magic mapping {unknown}
Potions
 e - a potion of agility {unknown}
 h - a potion of heal wounds {unknown}
 i - a potion of degeneration {unknown}
 j - 2 potions of ambrosia {unknown}
 o - a potion of resistance {unknown}
 p - a potion of might {unknown}
 r - a potion of cancellation {unknown}
 u - 2 potions of lignification {unknown}
Comestibles
 f - 5 rations
 w - 2 chunks of flesh {@w0}


   Skills:
 - Level 2.1 Fighting
 + Level 8.6 Bows
 - Level 1.6 Dodging
 - Level 0.7 Stealth


You had 4 spell levels left.
You didn't know any spells.
Your spell library contained the following spells:

 Spells                   Type           Power        Failure   Level  Hunger
 Animate Skeleton         Necr           N/A          43%         1    ##.....
 Pain                     Necr           #...         43%         1    ##.....
 Regeneration             Chrm/Necr      #.........   80%         3    ####...
 Vampiric Draining        Necr           #.........   80%         3    ####...
 Animate Dead             Necr           N/A          99%         4    #####..


Dungeon Overview and Level Annotations

Branches:
Dungeon (4/15)
 Temple: D:4-7

Altars:
Elyvilon
Nemelex Xobeh
Ru
Xom

Annotations:
D:3 4 transporters, Ratty's ghost, amateur DENe
D:4 Dowan; Duvessa


Innate Abilities, Weirdness & Mutations

You have hooves in place of feet.
Armour fits poorly on your strangely shaped body.
You cover ground very quickly.
You have extremely tough skin. (AC +3)


Message History

d - 61 arrows (gained 1)
You see here a +0 dagger.
d - 62 arrows (gained 1)
You see here a hobgoblin corpse.
Partly explored, unvisited transporter.
No target in view!
No target in view!
Partly explored, unvisited transporter.
No target in view!
Partly explored, unvisited transporter.
No target in view!
Partly explored, unvisited transporter.
(D) Dungeon
Where to? (Enter - D:3, ? - help)
You see here a +0 dagger.
You see here a kobold corpse.
There is a large open door here.
There is an escape hatch in the ceiling here.
You see here a +0 short sword.
There is a stone staircase leading down here.
You climb downwards.
There is a stone staircase leading up here.
f - 5 rations (gained 1)
Found a stone staircase leading down.
x - a scroll labeled KEPTUFR ZOMN No target in view!
Duvessa and Dowan come into view.
Duvessa shouts!
Dowan shouts!
Dowan gestures at Duvessa while chanting.
Duvessa seems to speed up.
Firing (i - inventory. (/) - cycle)
d - 62 arrows (quivered)
Aim: Duvessa, wielding a +0 short sword and wearing a +0 ring mail (fast)
You shoot an arrow. The arrow hits Duvessa!
Firing (i - inventory. (/) - cycle)
d - 61 arrows (quivered)
Aim: Duvessa, wielding a +0 short sword and wearing a +0 ring mail (moderately wounded, fast)
You shoot an arrow.
The arrow hits Duvessa but does no damage.
Firing (i - inventory. (/) - cycle)
d - 60 arrows (quivered)
Aim: Duvessa, wielding a +0 short sword and wearing a +0 ring mail (moderately wounded, fast)
You shoot an arrow.
The arrow hits Duvessa but does no damage.
You see here a club.
You see here 18 bolts.
Firing (i - inventory. (/) - cycle)
d - 59 arrows (quivered)
Aim: Duvessa, wielding a +0 short sword and wearing a +0 ring mail (moderately wounded, fast)
You shoot an arrow. The arrow hits Duvessa!
Duvessa hits you with a +0 short sword! Duvessa hits you but does no damage.
You take 9 damage, and have 32/41 hp.
MASSIVE DAMAGE!!
Firing (i - inventory. (/) - cycle)
d - 58 arrows (quivered)
Aim: Duvessa, wielding a +0 short sword and wearing a +0 ring mail (moderately wounded, fast)
You shoot an arrow.
The arrow hits Duvessa but does no damage.
Duvessa hits you with a +0 short sword.
You take 4 damage, and have 28/41 hp.
Firing (i - inventory. (/) - cycle)
d - 57 arrows (quivered)
Aim: Duvessa, wielding a +0 short sword and wearing a +0 ring mail (moderately wounded, fast)
You shoot an arrow. The arrow barely misses Duvessa.
Duvessa hits you with a +0 short sword.
You take 2 damage, and have 26/41 hp.
Firing (i - inventory. (/) - cycle)
d - 56 arrows (quivered)
Aim: Duvessa, wielding a +0 short sword and wearing a +0 ring mail (moderately wounded, fast)
You shoot an arrow. The arrow hits Duvessa!
Duvessa drinks a potion.
Duvessa is healed!
Duvessa hits you but does no damage.
Firing (i - inventory. (/) - cycle)
d - 55 arrows (quivered)
Aim: Duvessa, wielding a +0 short sword and wearing a +0 ring mail (moderately wounded, fast)
You shoot an arrow.
The arrow hits Duvessa but does no damage.
Duvessa says, "When magic and the sword combine, nothing stands against them."
Duvessa closely misses you.
Firing (i - inventory. (/) - cycle)
d - 54 arrows (quivered)
Aim: Duvessa, wielding a +0 short sword and wearing a +0 ring mail (moderately wounded, fast)
You shoot an arrow. The arrow hits Duvessa!
Duvessa hits you with a +0 short sword!
You take 8 damage, and have 18/41 hp.
You are too injured to fight recklessly!
You are too injured to fight recklessly!
Unknown command.
Firing (i - inventory. (/) - cycle)
d - 53 arrows (quivered)
Aim: Duvessa, wielding a +0 short sword and wearing a +0 ring mail (severely wounded, fast)
You shoot an arrow.
The arrow hits Duvessa but does no damage.
Duvessa hits you with a +0 short sword.
* * * LOW HITPOINT WARNING * * *
Duvessa hits you with a +0 short sword!
* * * LOW HITPOINT WARNING * * *
You take 16 damage, and have 2/41 hp.
MASSIVE DAMAGE!!
Firing (i - inventory. (/) - cycle)
d - 52 arrows (quivered)
Aim: Duvessa, wielding a +0 short sword and wearing a +0 ring mail (severely wounded, fast)
You shoot an arrow.
The arrow hits Duvessa but does no damage.
Dowan casts a spell.
Dowan blinks!
Duvessa barely misses you.
Firing (i - inventory. (/) - cycle)
d - 51 arrows (quivered)
Aim: Duvessa, wielding a +0 short sword and wearing a +0 ring mail (severely wounded, fast)
You shoot an arrow. The arrow hits Duvessa.
Duvessa hits you with a +0 short sword.
You die...

## #.
#.##
#.@#
#.e#
#..#
##.(#
#...#
#..ยง#
#e..#
#..(#
###
#...##
###.####


You could see Duvessa and Dowan.

Vanquished Creatures
  A crimson imp (D:3)
  An orc wizard (D:3)
  5 adders
  A worm (D:3)
  2 dart slugs
  3 leopard geckos (D:3)
  9 orcs (D:3)
  A ball python (D:2)
  4 giant cockroaches
  4 goblins
  7 hobgoblins
  9 jackals
  7 bats
  3 frilled lizards
  7 kobolds
  4 rats
68 creatures vanquished.

Notes
Turn   | Place    | Note
-------+----------+-------------------------------------------
     0 | D:1      | mhoghedin the Centaur Hunter began the quest for the Orb.
     0 | D:1      | Reached XP level 1. HP: 17/17 MP: 1/1
   118 | D:1      | Reached XP level 2. HP: 13/24 MP: 2/2
   677 | D:2      | Found a white marble altar of Elyvilon.
   699 | D:2      | Reached skill level 6 in Bows
   709 | D:2      | Reached XP level 3. HP: 29/29 MP: 3/3
  1308 | D:3      | Identified the +11 dire flail "Widowermaker" {flame, rF++
                  | Int+2 Dex-3}
  1308 | D:3      | Noticed an ogre
  1309 | D:3      | Found a transporter.
  1309 | D:3      | Noticed Ratty's ghost (amateur DENe)
  1324 | D:3      | Reached skill level 7 in Bows
  1324 | D:3      | Reached XP level 4. HP: 36/36 MP: 4/4
  1395 | D:3      | Found a shimmering altar of Xom.
  1403 | D:3      | Found a shimmering altar of Xom.
  1404 | D:3      | Found a shimmering altar of Xom.
  1409 | D:3      | Found a shimmering altar of Xom.
  1555 | D:3      | Found a transporter.
  1559 | D:3      | Found a transporter.
  1652 | D:3      | Noticed an ogre
  1691 | D:3      | Found a transporter.
  1770 | D:3      | Reached skill level 8 in Bows
  1770 | D:3      | Reached XP level 5. HP: 41/41 MP: 5/5
  1791 | D:3      | Found a sparkling altar of Nemelex Xobeh.
  1842 | D:3      | Found a sacrificial altar of Ru.
  2171 | D:4      | Noticed Duvessa
  2171 | D:4      | Noticed Dowan
  2209 | D:4      | HP: 2/41 [Duvessa/+0 short sword (10)]
  2211 | D:4      | Slain by Duvessa

Levels and vault maps discovered:
D:1:      evilmike_arrival_crescent, layout_rooms, item_on_display_a
D:2:      layout_basic, lemuel_crystal_altar
D:3:      gammafunk_wand_slinger, layout_rooms, xom_redecorated,
          nicolae_ru_great_annihilating_truth,
          nemelex_xobeh_ov_fountains_minmay, gammafunk_ghost_smash,
          kennysheep_big_empty_room
D:4:      layout_layer_cave, first_ration, uniq_blork_the_orc, uniq_duvessa

Skill      XL: |  1  2  3  4 |
---------------+-------------+-----
Bows           | 6 7 8 |  8.6
Fighting       | |  2.1
Dodging        | |  1.6
Stealth        | |  0.7

Action                   |  1- 3 |  4- 6 || total
-------------------------+-------+-------++-------
Melee: Short sword       |    42 |       ||    42
       Kick              |     3 |       ||     3
 Fire: Shortbow          |    66 |   102 ||   168
  Eat: Chunk             |       |     2 ||     2
Armor: Leather armour    |    24 |    12 ||    36
Dodge: Dodged            |    37 |    10 ||    47

Table legend:
 A = Non-vault XP
 B = Vault XP
 C = Vault XP percentage of total XP
 D = Non-vault monster count
 E = Vault monster count
 F = Vault count percentage of total count
                 A         B        C        D         E       F
            +---------+---------+-------+---------+---------+-------
      Total |     219 |      56 |  20.4 |      64 |       4 |   5.9
            +---------+---------+-------+---------+---------+-------
        D:1 |      30 |       0 |   0.0 |      18 |       0 |   0.0
        D:2 |      48 |       0 |   0.0 |      15 |       0 |   0.0
        D:3 |     141 |      56 |  28.4 |      31 |       4 |  11.4
            +---------+---------+-------+---------+---------+-------

Levels and vault maps discovered:
D:1:      evilmike_arrival_crescent, layout_rooms, item_on_display_a
D:2:      layout_basic, lemuel_crystal_altar
D:3:      gammafunk_wand_slinger, layout_rooms, xom_redecorated,
          nicolae_ru_great_annihilating_truth,
          nemelex_xobeh_ov_fountains_minmay, gammafunk_ghost_smash,
          kennysheep_big_empty_room
D:4:      layout_layer_cave, first_ration, uniq_blork_the_orc, uniq_duvessa

Table legend:
 A = Turns spent in this place as a percentage of turns spent in the entire game.
 B = Non-inter-level travel turns spent in this place as a percentage of non-inter-level travel turns spent in the entire game.
 C = Inter-level travel turns spent in this place as a percentage of turns spent in this place.
 D = Turns resting spent in this place as a percentage of non-inter-level travel turns spent in this place.
 E = Turns spent auto-exploring this place as a percentage of non-inter-level travel turns spent in this place.
 F = Non-inter-level travel turns spent in this place divided by the number of levels of this place that you've seen.
                   A       B       C       D       E      F
               +-------+-------+-------+-------+-------+----------------------
         Total | 100.0 | 100.0 |   2.5 |  10.8 |  69.3 | 539.0
       Dungeon | 100.0 | 100.0 |   2.5 |  10.8 |  69.3 | 539.0
               +-------+-------+-------+-------+-------+----------------------

Table legend:
 A = Kills in this place as a percentage of kills in entire the game.
 B = Kills by you in this place as a percentage of kills by you in the entire game.
 C = Kills by friends in this place as a percentage of kills by friends in the entire game.
 D = Other kills in this place as a percentage of other kills in the entire game.
 E = Experience gained in this place as a percentage of experience gained in the entire game.
 F = Experience gained in this place divided by the number of levels of this place that you have seen.
                   A       B       C       D       E      F
               +-------+-------+-------+-------+-------+----------------------
         Total | 100.0 | 100.0 |   N/A |   N/A | 100.0 |  68.8
       Dungeon | 100.0 | 100.0 |   N/A |   N/A | 100.0 |  68.8
               +-------+-------+-------+-------+-------+----------------------
